 Dungeon Crawl Stone Soup version 0.19-a0-14-gde87d98 (webtiles) character file.

10 Duffy the Chopper (level 2, 22/22 HPs)
             Began as a Formicid Warper on Apr 29, 2016.
             Quit the game on level 1 of the Dungeon.
             The game lasted 00:00:36 (409 turns).

Duffy the Chopper (Formicid Warper)                  Turns: 409, Time: 00:00:37

Health: 22/22      AC:  9    Str: 15    XL:     2   Next: 30%
Magic:  5/5        EV:  4    Int: 12    God:
Gold:   37         SH:  0    Dex: 10    Spells: 1 memorised, 4 levels left

rFire  . . .     SeeInvis +     a - +0 hand axe
rCold  . . .     Gourm    .     k - -2 plate armour (curse)
rNeg   . . .     Faith    .     (no shield)
rPois  .         Spirit   .     (helmet unavailable)
rElec  .         Dismiss  .     (no cloak)
rCorr  .         Reflect  .     (no gloves)
SustAt .         Harm     .     h - +0 pair of boots
MR     .....                    (no amulet)
Stlth  ..........               (no ring)
                                (no ring)

@: not resistant to hostile enchantments, extremely unstealthy
A: permanent stasis, dig shafts and tunnels, four strong arms, antennae 3
a: Dig, Shaft Self


You were on level 1 of the Dungeon.
You were not hungry.

You visited 1 branch of the dungeon, and saw 1 of its levels.

You collected 37 gold pieces.


Innate Abilities, Weirdness & Mutations

You are under a permanent stasis effect.
You can dig through walls and to a lower floor.
Your four strong arms can wield two-handed weapons with a shield.
You have a pair of large antennae on your head (SInv).


   Skills:
 - Level 2.1 Fighting
 + Level 2.8 Axes
 - Level 1.0 Throwing
 - Level 1.1 Armour
 - Level 1.7 Dodging
 - Level 2.1 Spellcasting
 - Level 2.6 Translocations


You had 4 spell levels left.
You knew the following spells:

 Your Spells              Type           Power        Failure   Level  Hunger
a - Apportation           Tloc           #.........   100%        1    ##.....

Inventory:

Hand Weapons
 a - a +0 hand axe (weapon)
Missiles
 e - 5 tomahawks of dispersal (quivered)
Armour
 b - a +0 leather armour
 h - a +0 pair of boots (worn)
 k - a cursed -2 plate armour (worn)
Scrolls
 d - a scroll of blinking
Potions
 g - a potion of invisibility
Books
 c - a book of Spatial Translocations
Comestibles
 f - a bread ration
 i - a slice of pizza

Dungeon Overview and Level Annotations

Branches:
Dungeon (1/15)

Altars:


Message History

You kill the bat!
No target in view!
No target in view!
No target in view!
No target in view!
No target in view!
No target in view!
No target in view!
No target in view!
No target in view!
No target in view!
No target in view!
No target in view!
No target in view!
A giant newt comes into view.
You closely miss the giant newt. The giant newt completely misses you.
You slash the giant newt!
You kill the giant newt!
No target in view!
No target in view!
No target in view!
No target in view!
No target in view!
No target in view!
No target in view!
No target in view!
No target in view!
HP restored.
Found 25 stones.
You see here a giant newt corpse.
You now have 25 gold pieces (gained 7).
Found a shiny plate armour.
You now have 37 gold pieces (gained 12).
j - a scroll labeled GEVUCE QESEKK You see here a shiny plate armour.
k - a shiny plate armour Wear which item? (? for menu, Esc to quit)
You start removing your armour.
You continue taking off your +0 leather armour. x4
You finish taking off your +0 leather armour.
You start putting on your armour.
You continue putting on your shiny plate armour. x5
You finish putting on your cursed -2 plate armour.
Oops, that feels deathly cold.
Read which item? (? for menu, Esc to quit)
As you read the scroll labeled GEVUCE QESEKK, it crumbles to dust.
It is a scroll of identify.
Identify which item? (\ to view known items) (? for menu, Esc to quit)
g - a potion of invisibility Are you sure you want to abandon this character and quit the game? (Confirm with "yes".)

#.8.#.# #.###..)).........#
#...#.###.##..##..........#
#.8.#.##..##.###..........#
#...#. #.....# #.######.###
####.>.###########..# #.#
............# #.## ##.#
............# ##..# #..#
.....<......# #..# ####.##
............####@## ##....#
............#.....###.$####
################.......## {
##.####.).# ##..#
##.#.#####
###..####%)#......
###.......#.....###
###...................
.........%...%......##


There were no monsters in sight!

Action                   || total
-------------------------++-------
Melee: Hand axe          ||    29
  Use: Scroll            ||     1
Armor: Leather armour    ||     5
Dodge: Dodged            ||    27

Notes
Turn   | Place    | Note
--------------------------------------------------------------
     0 | D:1      | Duffy the Formicid Warper began the quest for the Orb.
     0 | D:1      | Reached XP level 1. HP: 16/16 MP: 3/3
    51 | D:1      | Reached XP level 2. HP: 11/22 MP: 5/5
   409 | D:1      | Quit the game

Vault maps used:
D:1:      lemuel_arrival_hallway, minmay_stone_trees_small

Vanquished Creatures
  A giant cockroach
  3 hobgoblins
  2 bats
  A giant newt
  2 goblins
  A kobold
10 creatures vanquished.
